 Dungeon Crawl Stone Soup version 0.30-a0-920-g7493c07aab (webtiles) character file.

Game seed: 2277866391425730120

436 greynaab the Chopper (level 7, -7/52 HPs)
             Began as a Formicid Berserker on Mar 21, 2023.
             Was a Priest of Trog.
             Splashed by a jelly's acid (11 damage)
             ... in a sewer.
             The game lasted 00:15:02 (3556 turns).

greynaab the Chopper (Formicid Berserker)           Turns: 3556, Time: 00:15:03

Health: -7/52      AC: -4    Str: 21 (24) XL:     7   Next: 21%
Magic:  7/7        EV: 11    Int:  3 (6)  God:    Trog [***...]
Gold:   139        SH:  0    Dex: 12 (13) Spells: 6/6 levels left

rFire   . . .      SeeInvis +    b - +0 halberd
rCold   . . .      Faith    .    (no shield)
rNeg    . . .      Spirit   .    s - +2 leather armour {rPois}
rPois   +          Reflect  .    (helmet unavailable)
rElec   .          Rampage  .    (no cloak)
rCorr   .                        (no gloves)
Will    ++...                    d - +1 pair of boots
Stlth   +                        r - amulet of the acrobat
HPRegen 1.28/turn                (no ring)
MPRegen 0.10/turn                (no ring)

@: strong-willed, corroded, attractive, regenerating, invisible
A: permanent stasis, dig shafts and tunnels, antennae 3, four strong arms
a: Dig, Renounce Religion, Trog's Hand


You were in a sewer.
You worshipped Trog.
Trog was most pleased with you.
You visited 1 branch of the dungeon, and saw 4 of its levels.
You also visited: Sewer.

You collected 139 gold pieces.

Inventory:

Hand Weapons
 a - a +0 hand axe
 b - a +0 halberd (weapon)
Missiles
 m - 6 poisoned darts (quivered)
 q - 3 boomerangs
Armour
 d - a +1 pair of boots (worn)
 g - a +0 chain mail
 s - a +2 leather armour of poison resistance (worn)
Jewellery
 f - an amulet of regeneration
 r - an amulet of the acrobat (around neck)
Scrolls
 c - a scroll of enchant armour {unknown}
 h - a scroll of acquirement
 k - a scroll of vulnerability
 l - a scroll of brand weapon {unknown}
 o - a scroll of poison
 p - 2 scrolls of fog
 t - a scroll of magic mapping {unknown}
Potions
 i - 2 potions of curing
 v - a potion of might {unknown}
 w - a potion of mutation {unknown}


   Skills:
 - Level 3.2 Fighting
 - Level 5.7(6.6) Axes
 + Level 4.7(6.1) Polearms
 - Level 2.1 Armour
 - Level 1.7 Dodging


You had 6 spell levels left.
You didn't know any spells.
Your spell library was empty.

Dungeon Overview and Level Annotations

Branches:
Dungeon (4/15) Zot: 20585   Sewer (1/1) Zot: 5793
 Temple: D:4-7

Altars:


Innate Abilities, Weirdness & Mutations

You cannot be hasted, slowed, berserked, paralysed or teleported.
You can dig through walls and to a lower floor.
You have a pair of large antennae on your head. (SInv)
Your four strong arms can wield two-handed weapons with a shield.


Message History

Moving in this stuff is going to be slow.
A jelly comes into view.
The jelly quivers.
An endoplasm comes into view.
The endoplasm quivers.
You reach to attack!
You hit the jelly.
The jelly is moderately wounded.
You hit the jelly. The acid corrodes you!
Your hands burn!
The jelly is moderately wounded.
The jelly hits you but does no damage. The jelly barely misses you.
You hit the jelly. The acid corrodes you!
Your hands burn!
The jelly is severely wounded.
The jelly closely misses you. The jelly hits you. The acid corrodes you!
You are splashed with acid.
Okay, then.
Unknown command.
Your skin crawls.
You feel strong-willed. The jelly hits you.
You are splashed with acid.
The jelly barely misses you.
Okay, then.
Unknown command.
It was a potion of invisibility.
You fade into invisibility!
The jelly closely misses you. The jelly hits you.
You are splashed with acid!
Okay, then.
You feel much better. The jelly hits you. The acid corrodes you!
You are splashed with acid!
The jelly hits you.
You are splashed with acid.
It was a potion of degeneration.
There was something very wrong with that liquid.
You feel weakened.
You feel dopey.
You feel clumsy. The jelly hits you.
You are splashed with acid!
The jelly hits you. The acid corrodes you!
You are splashed with acid!
* * * LOW HITPOINT WARNING * * *
Unknown command.
It was a potion of attraction.
You feel attractive to monsters. The jelly hits you.
* * * LOW HITPOINT WARNING * * *
You are splashed with acid!
You die...

.. .~. ###~~~
~~~~.~ #.....~
##J.~# { #@JJ#
##~w## ## ##.~~#
##~ #[~~~###∩.
#..~###...###
#.~..##~.##.## .##
##...##.~#...#.~.~
##..##~~..~##~.~.
#~.~##~~~##~.~#


You could see a worm (unable to see you), 2 jellies and an endoplasm.

Vanquished Creatures
  A water moccasin (D:4)
  A scorpion (D:4)
  A jelly (Sewer)
  A sleepcap (D:4)
  5 adders
  4 gnolls
  3 river rats (Sewer)
  A worm (D:2)
  3 dart slugs
  5 orcs
  7 bats
  11 endoplasms
  13 giant cockroaches
  10 hobgoblins
  6 kobolds
  2 quokkas (D:4)
  12 ball pythons
  6 frilled lizards
  3 goblins
  6 rats
101 creatures vanquished.

Vanquished Creatures (others)
  4 fungi (D:3)
4 creatures vanquished.

Grand Total: 105 creatures vanquished

Notes
Turn   | Place    | Note
-------+----------+-------------------------------------------
     0 | D:1      | greynaab the Formicid Berserker began the quest for the
                  | Orb.
     0 | D:1      | Reached XP level 1. HP: 18/18 MP: 1/1
   180 | D:1      | Reached XP level 2. HP: 18/24 MP: 2/2
   398 | D:1      | Reached skill level 4 in Axes
   398 | D:1      | Reached XP level 3. HP: 29/29 MP: 3/3
  1144 | D:2      | Reached ** piety under Trog
  1223 | D:2      | Reached XP level 4. HP: 22/35 MP: 4/4
  1567 | D:2      | Reached skill level 5 in Axes
  1956 | D:3      | Reached XP level 5. HP: 37/41 MP: 5/5
  2785 | D:4      | Identified a scroll of acquirement
  2934 | D:4      | Noticed a water moccasin
  3055 | D:4      | Reached skill level 1 in Polearms
  3074 | D:4      | Killed a water moccasin
  3075 | D:4      | Reached XP level 6. HP: 15/47 MP: 6/6
  3347 | D:4      | Found a glowing drain.
  3370 | Sewer    | Entered a sewer
  3460 | Sewer    | Reached *** piety under Trog
  3468 | Sewer    | Reached XP level 7. HP: 52/52 MP: 7/7
  3556 | Sewer    | Splashed by a jelly's acid

Illustrated notes

Levels and vault maps discovered:
D:1:      denvon_arrival_planthouse, layout_basic
D:2:      layout_loops_ring, grunt_decor_junction, minmay_octomino_j4
D:3:      layout_loops_ring, minmay_shallow_snake_nest
D:4:      layout_rooms, gup_sewer_entry_pipe
Sewer:    sewer_hellmonk_slimy_pipes

Skill      XL: |  1  2  3  4  5  6 |
---------------+-------------------+-----
Axes           | 4 5 |  5.7
Polearms       | 3 4 |  4.7
Fighting       | |  3.2
Armour         | |  2.1
Dodging        | |  1.7

Action                     |  1- 3 |  4- 6 |  7- 9 || total
---------------------------+-------+-------+-------++-------
  Melee: Hand axe          |   121 |   124 |       ||   245
         Halberd           |       |    98 |    26 ||   124
         Punch             |       |     3 |       ||     3
  Throw: Dart              |       |     6 |       ||     6
         Throwing net      |       |     1 |       ||     1
 Invoke: Trog's Hand       |       |     2 |     2 ||     4
    Use: Potion            |     1 |     2 |     4 ||     7
         Scroll            |       |     8 |       ||     8
 Armour: Animal skin       |     3 |       |       ||     3
         Ring mail         |    29 |       |       ||    29
         Chain mail        |    11 |    96 |       ||   107
         Leather armour    |       |    17 |     4 ||    21
  Dodge: Dodged            |    88 |   147 |    18 ||   253

Table legend: (Time is in decaauts)
 A = Elapsed time spent in this place.
 B = Non-inter-level travel time spent in this place.
 C = Inter-level travel time spent in this place.
 D = Time resting spent in this place.
 E = Time spent auto-exploring this place.
 F = Levels seen in this place.
 G = Mean time per level.
                   A        B        C        D        E       F      G
               +--------+--------+--------+--------+--------+-----+--------+
         Total |   3620 |   3263 |    357 |    265 |   1931 |   5 |  724.0 |
       Dungeon |   3415 |   3058 |    357 |    236 |   1874 |   4 |  853.8 |
         Sewer |    205 |    205 |      0 |     29 |     57 |   1 |  205.0 |
               +--------+--------+--------+--------+--------+-----+--------+

Top non-repeatable levels by time:
     D:1: 1051 daAuts
     D:3: 964 daAuts
     D:2: 960 daAuts
     D:4: 438 daAuts
   Sewer: 205 daAuts
